 Dungeon Crawl Stone Soup version 0.32-a0-422-g28b100f (webtiles) character file.

Game seed: 9235220126731284932

3531 Nithhogg the Cleaver (level 9, -2/184 HPs)
             Began as a Mountain Dwarf Fighter on Feb 21, 2024.
             Slain by a killer bee (3 damage)
             ... on level 7 of the Dungeon.
             The game lasted 00:06:48 (5656 turns).

Nithhogg the Cleaver (Mountain Dwarf Fighter)       Turns: 5656, Time: 00:06:49

Health: -2/184     AC: 24    Str: 22 (23) XL:     9   Next: 82%
Magic:  9/9        EV:  2    Int:  6 (9)  God:
Gold:   496        SH:  0    Dex:  8 (9)  Spells: 8/8 levels left

rFire   . . .        h - +2 battleaxe (drain)
rCold   . . .        (shield currently unavailable)
rNeg    . . .        b - melded +0 scale mail
rPois   +            (helmet currently unavailable)
rElec   .            o - melded +0 cloak of Omission {Slay+2}
rCorr   .            (gloves currently unavailable)
SInv    .            (boots currently unavailable)
Will    .....        (no amulet) Stlth
                     (no ring)
HPRegen 0.50/turn    (no ring)
MPRegen 0.11/turn

%: no passive effects
@: berserking, lethally poisoned (-2 -> -4), tree-form, very quick
A: stationary, stasis, torment immunity, boosted hp, runic magic, artefact
enchanting
a: no special abilities


You were on level 7 of the Dungeon.
You were a tree.
You visited 1 branch of the dungeon, and saw 7 of its levels.

You collected 496 gold pieces.

Inventory:

Hand Weapons
 a - a +0 war axe
 d - a +2 antimagic hand axe
 h - a +2 battleaxe of draining (weapon)
 E - a +0 great mace
 F - a +2 flail of protection
Missiles
 i - 4 javelins (quivered)
 r - 2 datura-tipped darts
 s - 8 boomerangs
 N - 2 poisoned darts
Armour
 b - a +0 scale mail (melded)
 c - a +0 buckler
 o - the +0 cloak of Omission (melded) {Slay+2}
   (You found it on level 2 of the Dungeon)

   Slay+2:    It affects your accuracy & damage with ranged weapons and melee
   (+2).
Jewellery
 l - a +6 ring of intelligence
 B - a ring of positive energy
 D - a ring of wizardry
 I - a ring of wizardry
Wands
 y - a wand of charming (10)
 H - a wand of mindburst (8)
 L - a wand of light (3)
Scrolls
 g - a scroll of immolation
 m - 3 scrolls of teleportation
 t - 3 scrolls of acquirement
 w - 2 scrolls of revelation
 x - 3 scrolls of blinking
 A - 2 scrolls of poison
 C - 2 scrolls of silence
 J - a scroll of noise {unknown}
 K - 2 scrolls of vulnerability {unknown}
 M - a scroll of identify
 O - a scroll of enchant weapon {unknown}
 P - a scroll of butterflies {unknown}
Potions
 e - a potion of brilliance
 f - a potion of resistance
 j - a potion of cancellation
 n - a potion of magic {unknown}
 p - 2 potions of haste {unknown}
 q - 2 potions of mutation {unknown}
 z - 2 potions of lignification
 G - a potion of ambrosia {unknown}


   Skills:
 + Level 8.4 Fighting
 + Level 8.8 Axes
 + Level 8.4 Armour
 + Level 5.2 Dodging
 - Level 3.2 Shields


You had 8 spell levels left.
You didn't know any spells.
Your spell library contained the following spells:

 Spells                   Type           Power      Damage    Failure   Level
 Apportation              Tloc           0%         N/A       45%         1
 Magic Dart               Conj           0%         1d3       45%         1
 Blink                    Tloc           0%         N/A       58%         2
 Call Imp                 Summ           0%         N/A       58%         2
 Jinxbite                 Hex            0%         N/A       58%         2
 Fugue of the Fallen      Necr           0%         N/A       83%         3
 Ozocubu's Armour         Ice            0%         N/A       83%         3
 Manifold Assault         Tloc           0%         N/A       99%         4
 Alistair's Intoxication  Alch           0%         N/A       100%        5


Dungeon Overview and Level Annotations

Branches:
Dungeon (7/15)
 Temple: D:4-7

Altars:
Dithmenos
Fedhas
Gozag
Kikubaaqudgha
Nemelex Xobeh
Okawaru
Ru
Sif Muna
Trog
Wu Jian
The Shining One


Innate Abilities, Weirdness & Mutations

You are a tree.
Your roots penetrate the ground, keeping you stationary.
You cannot be teleported.
You are immune to unholy pain and torment.
Your maximum health is greatly increased.
Your equipment is partially melded.
Your spellcasting is much less encumbered by armour.
You can use scrolls of enchantment on lesser artefacts.


Message History

You kill the killer bee!
You closely miss the killer bee.
You feel sick.
The killer bee stings you but does no damage. x6
You barely miss the killer bee. You hit the killer bee.
You drain the killer bee. You barely miss the orc.
You feel sick. The killer bee stings you.
* * * LOW HITPOINT WARNING * * *
You are more poisoned.
The killer bee poisons you!
The killer bee stings you but does no damage.
The orc hits you but does no damage. The killer bee stings you.
* * * LOW HITPOINT WARNING * * *
The killer bee stings you.
* * * LOW HITPOINT WARNING * * *
It was a potion of degeneration.
There was something very wrong with that liquid.
You feel weakened.
You feel dopey.
You feel clumsy.
You feel sick.
The killer bee stings you but does no damage. x2
The orc hits you with a +0 flail.
* * * LOW HITPOINT WARNING * * *
The killer bee barely misses you.
The killer bee stings you but does no damage.
It was a potion of berserk rage.
A red film seems to cover your vision as you go berserk!
You feel yourself moving faster!
You feel mighty!
You feel sick.
The killer bee stings you but does no damage.
The killer bee stings you.
* * * LOW HITPOINT WARNING * * *
The orc hits you but does no damage.
The killer bee stings you but does no damage. x2
You are too berserk!
You slash the orc!
You kill the orc!
You miss the killer bee. x2
* * * LOW HITPOINT WARNING * * *
You feel sick.
The killer bee stings you but does no damage. x2
The killer bee stings you.
You die...

# ##...#...##
###.##.........#
#...#......!.... ..
............. #.
#........... ######.
#......[..# .......
#.......#
...)..)#####.<.....#
.....yS♣).)))......#
<.....y#)).........#
...>.......#.......#
.......#.###..$....#
..$......# #.......#
.^......## #########
#######. ..


You could see a water moccasin and 2 killer bees.

Vanquished Creatures
  Maggie (D:7)
  A troll (D:6)
  3 water moccasins (D:6)
  5 black bears
  An orc warrior (D:7)
  A sky beast (D:6)
  An ice beast (D:6)
  A centaur (D:6)
  3 phantoms (D:4)
  A kobold brigand (D:7)
  A bullfrog (D:6)
  A scorpion (D:6)
  A water moccasin zombie (D:4)
  4 wights (D:5)
  A jelly (D:4)
  3 killer bees
  A howler monkey (D:4)
  3 bombardier beetles
  A bullfrog zombie (D:4)
  2 orc priests (D:6)
  A gnoll bouda (D:5)
  A sleepcap (D:6)
  7 iguanas
  A scorpion zombie (D:4)
  4 orc wizards (D:6)
  3 hound zombies (D:4)
  A hound skeleton (D:4)
  A howler monkey skeleton (D:4)
  11 adders
  8 gnolls
  A shadow imp (D:6)
  5 white imps
  2 dart slugs
  3 ribbon worms
  16 orcs
  12 ball pythons
  5 endoplasms
  3 giant cockroaches
  3 hobgoblins
  3 jackals (D:1)
  2 quokkas
  9 bats
  3 frilled lizards
  3 goblins (D:2)
  11 kobolds
  A quokka skeleton (D:4)
  4 rats
160 creatures vanquished.

Notes
Turn   | Place    | Note
-------+----------+-------------------------------------------
     0 | D:1      | Nithhogg the Mountain Dwarf Fighter began the quest for the
                  | Orb.
     0 | D:1      | Reached XP level 1. HP: 19/19 MP: 1/1
    69 | D:1      | Reached XP level 2. HP: 26/26 MP: 2/2
   453 | D:1      | Reached XP level 3. HP: 33/33 MP: 3/3
   750 | D:2      | Reached skill level 1 in Dodging
   943 | D:2      | Identified the +0 cloak of Omission {Slay+2}
  1002 | D:2      | Reached XP level 4. HP: 40/40 MP: 4/4
  1309 | D:2      | Reached XP level 5. HP: 36/46 MP: 5/5
  1648 | D:3      | Found an ornate altar of the Wu Jian Council.
  1905 | D:3      | Found a glowing golden altar of the Shining One.
  1908 | D:3      | Found a blossoming altar of Fedhas.
  1925 | D:3      | Found a sacrificial altar of Ru.
  2190 | D:3      | Found an iron altar of Okawaru.
  2192 | D:3      | Found an opulent altar of Gozag.
  2223 | D:3      | Found a shimmering blue altar of Sif Muna.
  2295 | D:4      | Noticed a phantom
  2296 | D:4      | Noticed a phantom
  2305 | D:4      | Killed a phantom
  2309 | D:4      | Reached XP level 6. HP: 41/53 MP: 6/6
  2315 | D:4      | Reached skill level 5 in Fighting
  2315 | D:4      | Reached skill level 5 in Armour
  2564 | D:4      | Reached skill level 5 in Axes
  2564 | D:4      | Reached XP level 7. HP: 50/61 MP: 2/7
  2734 | D:4      | Found a shadowy altar of Dithmenos.
  2976 | D:4      | Found a bloodstained altar of Trog.
  3036 | D:4      | Found a sparkling altar of Nemelex Xobeh.
  3279 | D:5      | Entered Level 5 of the Dungeon
  3558 | D:5      | Reached XP level 8. HP: 30/70 MP: 2/8
  4171 | D:5      | Identified 3 scrolls of acquirement
  4426 | D:5      | Found an ancient bone altar of Kikubaaqudgha.
  4684 | D:6      | Reached XP level 9. HP: 64/79 MP: 9/9
  4689 | D:6      | Noticed a troll
  4697 | D:6      | Killed a troll
  5614 | D:7      | Noticed Maggie
  5621 | D:7      | Killed Maggie
  5622 | D:7      | Reached skill level 5 in Dodging
  5648 | D:7      | HP: 2/82 [killer bee (6)]
  5654 | D:7      | HP: 5/123 [poisoned by a killer bee]
  5654 | D:7      | HP: 2/123 [orc/+0 flail (3)]
  5656 | D:7      | Slain by a killer bee

Illustrated notes

Levels and vault maps discovered:
D:1:      lemuel_arrival_hallway, layout_basic
D:2:      layout_basic
D:3:      layout_basic, marbit_many_paths, led_sif_pool,
          nicolae_overflow_hidden_temple, nicolae_ru_the_path_less_chosen
D:4:      layout_gridville, grunt_dithmenos_smoke,
          mainiacjoe_overflow_surrounded_room, kennysheep_mini, serial_undead,
          serial_undead_b, serial_undead_c, serial_undead_d, serial_undead_f,
          serial_undead_c, serial_undead_d, nicolae_figureground_pulse
D:5:      layout_rooms, mainiacjoe_overflow_tiny_flanked
D:6:      cheibrodos_fzero, layout_basic
D:7:      layout_rooms, minmay_temple_entry_enclosed_plants,
          gammafunk_ghost_hive, uniq_maggie

Skill      XL: |  1  2  3  4  5  6  7  8  9 |
---------------+----------------------------+-----
Axes           | 3 4 5 6 7 8 |  8.8
Dodging        | 1 2 3 4 5 |  5.2
Fighting       | 4 5 6 7 8 |  8.4
Armour         | 4 5 6 7 8 |  8.4
Shields        | |  3.2

Action                     |  1- 3 |  4- 6 |  7- 9 || total
---------------------------+-------+-------+-------++-------
  Melee: War axe           |    80 |    81 |       ||   161
         Hand axe          |       |    11 |   129 ||   140
         Battleaxe         |       |       |   136 ||   136
    Use: Potion            |       |     1 |     7 ||     8
         Scroll            |       |       |     9 ||     9
 Armour: Scale mail        |    55 |    92 |   254 ||   401
         Skin              |       |       |    41 ||    41
  Dodge: Dodged            |    40 |    56 |   188 ||   284
  Block: Buckler           |    22 |    20 |    21 ||    63

Table legend: (Time is in decaauts)
 A = Elapsed time spent in this place.
 B = Non-inter-level travel time spent in this place.
 C = Inter-level travel time spent in this place.
 D = Time resting spent in this place.
 E = Time spent auto-exploring this place.
 F = Levels seen in this place.
 G = Mean time per level.
                   A        B        C        D        E       F      G
               +--------+--------+--------+--------+--------+-----+--------+
         Total |   5761 |   5600 |    161 |    212 |   4345 |   7 |  823.0 |
       Dungeon |   5761 |   5600 |    161 |    212 |   4345 |   7 |  823.0 |
               +--------+--------+--------+--------+--------+-----+--------+

Top non-repeatable levels by time:
     D:5: 1273 daAuts
     D:6: 1096 daAuts
     D:4: 994 daAuts
     D:2: 903 daAuts
     D:3: 819 daAuts
     D:1: 623 daAuts
     D:7: 50 daAuts
